 Dungeon Crawl Stone Soup version bcrawl-1.41.1 (webtiles) character file.

Game seed: 2706011347952588991

148783 Grimmash the Sneak (level 6, -9/46 HPs)
             Began as a Formicid Archaeologist on Apr 18, 2024.
             Mangled by a bullfrog (11 damage)
             ... in a sewer.
             The game lasted 00:08:17 (4083 turns).

Grimmash the Sneak (Formicid Archaeologist)         Turns: 4083, Time: 00:08:18

Health: -9/46      AC: 10    Str: 16 (17) XL:     6   Next: 95%
Magic:  6/6        EV:  0    Int: 16 (19) God:
Gold:   246        SH: 14    Dex:  5 (7)  Spells: 5/5 levels left

rFire    . . .     GDR:     18% a - +1 war axe
rCold    + . .     SeeInvis +   g - +2 large shield {reflect}
rNeg     . . .     Gourm    .   y - +0 scale mail
rPois    +         Faith    .   (helmet unavailable)
rElec    .         Spirit   .   (no cloak)
rCorr    +         Reflect  +   (no gloves)
MR       .....                  d - +1 pair of boots
Stlth    +.........             (no amulet)
HPRegen  0.17/turn              r - ring of resist corrosion
MPRegen  0.10/turn              (no ring)

@: brilliant, lethally poisoned (-9 -> -11), constricted
A: permanent stasis, dig shafts and tunnels, four strong arms, antennae 3, thin
metallic scales 1, clumsy 1, cold resistance 1, sense surroundings 1, poison
resistance
a: Dig, Shaft Self


You were in a sewer.
You were not hungry.

You visited 1 branch of the dungeon, and saw 4 of its levels.
You also visited: Sewer.

You collected 246 gold pieces.

Inventory:

Hand Weapons
 a - a +1 war axe (weapon)
 b - a +0 blowgun
 u - a +0 flail
Missiles
 h - 2 curare-tipped needles
 l - 667 arrows
Armour
 d - a +1 pair of boots (worn)
 g - a +2 large shield of reflection (worn)
 y - a +0 scale mail (worn)
Jewellery
 r - a ring of resist corrosion (left hand)
Scrolls
 f - 3 scrolls of revelation
 i - a scroll of fog
 k - a scroll of enchant weapon
Potions
 c - a potion of magic
 o - 2 potions of degeneration
 q - a potion of mutation
Comestibles
 e - 5 rations {!d}
 p - 5 chunks of flesh


   Skills:
 * Level 2.5 Fighting
 * Level 2.4(3.0) Axes
 * Level 2.5(3.1) Maces & Flails
 * Level 2.2 Armour
 * Level 3.8 Dodging
 + Level 4.3 Stealth
 * Level 2.8 Shields


You had 5 spell levels left.
You didn't know any spells.
Your spell library was empty.

Dungeon Overview and Level Annotations

Branches:
Dungeon (4/12)
 Temple: D:4-7

Altars:


Innate Abilities, Weirdness & Mutations

You cannot be hasted, slowed, berserked, paralysed or teleported.
You can dig through walls and to a lower floor.
Your four strong arms can wield two-handed weapons with a shield.
You have a pair of large antennae on your head. (SInv)
You are partially covered in thin metallic scales. (AC +2)
You are clumsy. (Dex -2)
Your flesh is cold resistant. (rC+)
You passively map a small area around you.
Your system is resistant to poisons. (rPois)


Message History

You block the ball python's attack.
* * * LOW HITPOINT WARNING * * *
The ball python constricts you. You block the bullfrog's attack.
The adder bites you.
* * * LOW HITPOINT WARNING * * *
No path to travel!
You aren't carrying any items that you can evoke.
Unknown command.
Okay, then.
You closely miss the adder.
The adder is heavily wounded.
Your shield prevents you from hitting the bullfrog.
You closely miss the ball python. You block the bullfrog's attack.
The ball python bites you but does no damage.
The ball python constricts you. The adder bites you but does no damage.
You block the bullfrog's attack.
The ball python bites you but does no damage.
The ball python constricts you. The adder bites you but does no damage.
The bullfrog hits you!
You die...

##### ####...####
####.........####
##...............##
#.........#.......#
##...@..##÷##......##
#...FSS##÷÷###......#
#.≈≈.l###..# #...≈..#
#≈≈≈≈≈≈##### #≈≈≈≈≈≈#
#≈≈≈≈≈≈# #≈≈≈≈≈≈#
#≈≈≈≈≈≈# #≈≈≈≈≈≈#
#≈≈≈≈≈≈# #≈≈≈≈≈≈#
#≈≈≈≈≈≈# #≈≈≈≈≈≈#
#≈≈≈≈≈≈# ##÷÷≈≈≈#


You could see a bullfrog, an adder, a ball python and a frilled lizard.

Vanquished Creatures
  A kobold brigand (D:4)
  A hound skeleton (D:3)
  7 river rats (Sewer)
  5 adders
  4 oozes
  4 worms
  2 dart slugs
  4 leopard geckos
  3 orcs
  3 giant cockroaches
  5 goblins
  8 hobgoblins
  6 jackals
  4 quokkas
  6 ball pythons (Sewer)
  5 bats
  9 frilled lizards
  35 kobolds
  29 rats
  2 plants (D:4)
143 creatures vanquished.

Vanquished Creatures (others)
  2 plants (D:4)
2 creatures vanquished.

Grand Total: 145 creatures vanquished

Notes
Turn   | Place    | Note
-------+----------+-------------------------------------------
     0 | D:1      | Grimmash the Formicid Archaeologist began the quest for the
                  | Orb.
     0 | D:1      | Reached XP level 1. HP: 15/15 MP: 1/1
   369 | D:1      | Reached XP level 2. HP: 3/21 MP: 2/2
   669 | D:1      | Reached XP level 3. HP: 26/26 MP: 3/3
  1324 | D:2      | Reached XP level 4. HP: 25/32 MP: 4/4
  1683 | D:2      | Reached skill level 1 in Armour
  2507 | D:3      | Reached XP level 5. HP: 30/38 MP: 5/5
  2507 | D:3      | Identified a scroll of acquirement
  2507 | D:3      | Identified the +7 lajatang "Asmausk" {elec, rPois rC+} (You
                  | acquired it on level 3 of the Dungeon)
  2668 | D:3      | Reached skill level 1 in Shields
  2851 | D:4      | Reached skill level 1 in Axes
  2875 | D:4      | Noticed a kobold brigand
  2891 | D:4      | Killed a kobold brigand
  2892 | D:4      | Reached XP level 6. HP: 28/44 MP: 6/6
  3116 | D:4      | Found a glowing drain.
  3120 | Sewer    | Entered a sewer
  3379 | Sewer    | Gained mutation: You passively map a small area around you.
                  | [potion of mutation]
  3379 | Sewer    | Gained mutation: Your magical capacity is low. (-10% MP)
                  | [potion of mutation]
  3379 | Sewer    | Gained mutation: Your mind is acute. (Int +2) [potion of
                  | mutation]
  3380 | Sewer    | Lost mutation: Your mind is acute. (Int +2) [potion of
                  | mutation]
  3380 | Sewer    | Lost mutation: Your magical capacity is low. (-10% MP)
                  | [potion of mutation]
  3380 | Sewer    | Gained mutation: Your flesh is cold resistant. (rC+)
                  | [potion of mutation]
  3380 | Sewer    | Gained mutation: You are clumsy. (Dex -2) [potion of
                  | mutation]
  3380 | Sewer    | Gained mutation: You are partially covered in thin metallic
                  | scales. (AC +2) [potion of mutation]
  3380 | Sewer    | Gained mutation: Your system is resistant to poisons.
                  | (rPois) [potion of mutation]
  3575 | Sewer    | HP: 2/46 [adder (3)]
  4082 | Sewer    | HP: 2/46 [adder (1)]
  4083 | Sewer    | Mangled by a bullfrog

Skill      XL: |  1  2  3  4  5  6 |
---------------+-------------------+-----
Dodging        | 3 |  3.8
Maces & Flails | 2 |  2.5
Armour         | 1 2 |  2.2
Shields        | 1 2 |  2.8
Axes           | 1 2 |  2.4
Fighting       | 2 |  2.5
Stealth        | |  4.3

Action                   |  1- 3 |  4- 6 || total
-------------------------+-------+-------++-------
Melee: Whip              |   175 |    53 ||   228
       War axe           |       |   386 ||   386
 Fire: Blowgun           |       |     4 ||     4
 Abil: Dig               |       |     2 ||     2
  Use: Scroll            |     2 |    10 ||    12
       Potion            |     1 |    14 ||    15
 Stab: Sleeping          |     7 |     2 ||     9
  Eat: Chunk             |     2 |    24 ||    26
       Ration            |     1 |     1 ||     2
Armor: Robe              |    55 |    32 ||    87
       Scale mail        |       |   270 ||   270
       Skin              |       |    13 ||    13
Dodge: Dodged            |   117 |   144 ||   261
Block: Buckler           |       |     3 ||     3
       Large shield      |       |   390 ||   390
       Reflection        |       |     6 ||     6
